 Dungeon Crawl Stone Soup version 0.16-a0-1794-gf7beed7 (console) character file.

1199 utis the Carver (level 8, -4/62 HPs)
             Began as a Demigod Fighter on Nov 2, 2014.
             Killed by divine providence
             ... invoked by an orc priest
              (15 damage)
             ... on level 6 of the Dungeon.
             The game lasted 00:29:31 (8901 turns).

utis the Carver (Demigod Fighter)                   Turns: 8901, Time: 00:29:31

Health: -4/62      AC: 15    Str: 19    XL:     8   Next: 1%
Magic:  13/13      EV:  4    Int: 16    God:
Gold:   274        SH:  9    Dex: 15    Spells: 0 memorised, 7 levels left

rFire  . . .     SeeInvis .     a - +0 long sword
rCold  . . .     Clarity  .     I - +0 chain mail
rNeg   . . .     SustAb   +     E - +0 shield
rPois  +         Gourm    .     B - +2 helmet
rElec  .         Spirit   .     (no cloak)
rCorr  .         Warding  .     l - +0 pair of gloves (curse)
rMut   .         Stasis   .     (no boots)
MR     .....                    (no amulet)
Stlth  ..........               q - +2 ring of protection
                                m - ring of poison resistance

@: not resistant to hostile enchantments, extremely unstealthy
A: sustain abilities
a: no special abilities


You were on level 6 of the Dungeon.
You were not hungry.

You visited 1 branch of the dungeon, and saw 6 of its levels.

You collected 274 gold pieces.

Inventory:

Hand weapons
 a - a +0 long sword (weapon)
 b - a +0 hunting sling
 c - a +0 blowgun
 J - the cursed +3 flail of the Many Seas {drain, +Inv rC++ MR+ Stlth++, unknown}
   (You found it on level 5 of the Dungeon)

   A truly terrible weapon, it drains the life of those it strikes.
   It greatly protects you from cold.
   It affects your resistance to hostile enchantments.
   It lets you turn invisible.
   It makes you much more stealthy.
   It has a curse placed upon it.
Missiles
 g - 184 stones (quivered)
 y - 45 sling bullets
 C - 5 needles of sleeping
 D - 52 poisoned needles
 H - 10 tomahawks
Armour
 l - a cursed +0 pair of gloves (worn)
 r - a +0 scale mail
 w - a +0 pair of gloves
 B - a +2 helmet (worn)
 E - a +0 shield (worn)
 I - a +0 chain mail (worn)
Jewellery
 m - a ring of poison resistance (left hand)
 p - an uncursed ring of poison resistance
 q - a +2 ring of protection (right hand)
 x - an uncursed ring of positive energy
 L - an uncursed ring of sustain abilities
 O - an uncursed ring of flight {unknown}
 U - an uncursed amulet of stasis
Magical devices
 M - a wand of fireball (6)
Scrolls
 i - a scroll of blinking {!r}
 j - a scroll of enchant armour {unknown}
 n - a scroll of remove curse
 t - a scroll of fog {unknown}
 u - a scroll of fear {unknown}
 K - a scroll of random uselessness {unknown}
 P - a scroll of teleportation {unknown}
 R - a scroll of brand weapon {unknown}
 S - 2 scrolls of magic mapping
Potions
 f - a potion of resistance
 h - a potion of degeneration {unknown}
 k - 2 potions of berserk rage {unknown}
 o - 2 potions of curing
 s - a potion of restore abilities {unknown}
 A - a potion of brilliance {unknown}
 F - 3 potions of poison {unknown}
 G - a potion of lignification {unknown}
 N - a potion of cancellation {unknown}
 T - a potion of cure mutation {unknown}
Books
 z - a book of the Earth

   Spells                             Type                      Level
   Leda's Liquefaction                Hexes/Earth                  4
   Bolt of Magma                      Conjuration/Fire/Earth       5
   Statue Form                        Transmutation/Earth          6
   Iron Shot                          Conjuration/Earth            6
   Shatter                            Earth                        9
Comestibles
 d - 4 bread rations
 v - 3 fruits
 Q - a chunk of flesh


   Skills:
 + Level 2.9 Fighting
 - Level 9.1 Long Blades
 - Level 2.6 Armour
 - Level 2.6 Shields


You had 7 spell levels left.
You didn't know any spells.

Dungeon Overview and Level Annotations

Branches:
Dungeon (6/15)
 Temple: D:4-7

Annotations:
D:2 Sigmund


Innate Abilities, Weirdness & Mutations

Your attributes are resistant to harm.


Message History

Things that are here:
a flail; a club; an orc corpse You closely miss the orc priest.
The orc wizard barely misses you. The orc hits you but does no damage.
The orc priest barely misses you.
You slash the orc priest!
The orc priest is severely wounded.
The orc wizard hits you but does no damage.
The orc priest calls down the wrath of Beogh upon you.
You struggle to resist.
The orc hits you but does no damage. You block the orc wizard's attack.
The orc priest hits you with a short sword.
* * * LOW HITPOINT WARNING * * *
Your shield and chain mail prevent you from hitting the orc priest.
The orc priest is severely wounded.
The orc hits you with a flail.
* * * LOW HITPOINT WARNING * * *
The orc wizard hits you but does no damage.
The orc priest invokes the aid of Beogh against you.
Something smites you!
You die...

.▓ ▓▓....▓▓▓..▓▓ ▓▓.▓
▓......▓...▓▓ ▓..
▓......▓....▓▓ ▓▓.▓
▓.........▓..▓ .. ▓..▓
▓▓.......▓▓▓..
...▓▓▓▓▓▓..▓ ▓▓.......▓
▓▓.
......▓....▓▓▓▓.......▓▓
▓.
...........oo▓▓.......▓▓
▓▓
.........▓▓op.........▓
▓
.........▓▓▓▓........▓▓
⌠.......▓ ▓▓.......▓ ▓
........▓ ▓▓......▓ ▓▓
.._.....▓ ▓▓▓▓.▓▓▓ ▓▓. .
....▓..▓ ▓.▓≈ ▓▓▓.. ..
▓..▓.o. ≈▓|▓≈ ▓.... .▓
▓..▓... ≈▓.▓≈ ▓.... .▓
... ..o ▓.▓ ▓....


You could see an orc priest, an orc wizard and an orc.

Vanquished Creatures
  An ice beast (D:5)
  An ogre (D:5)
  A centaur (D:5)
  A scorpion (D:5)
  3 orc priests
  4 hounds
  A gnoll shaman (D:3)
  4 orc wizards
  A centaur skeleton (D:5)
  An iguana (D:4)
  4 worker ants
  8 gnolls (D:4)
  12 adders
  3 giant mites
  2 worms
  6 giant geckos
  20 orcs
  A ball python (D:3)
  17 bats
  3 giant cockroaches
  9 goblins
  15 hobgoblins
  15 jackals
  20 kobolds
  4 quokkas
  5 giant newts
  An orc skeleton (D:4)
  8 rats
171 creatures vanquished.

Notes
Turn   | Place    | Note
--------------------------------------------------------------
     0 | D:1      | utis, the Demigod Fighter, began the quest for the Orb.
     0 | D:1      | Reached XP level 1. HP: 18/18 MP: 2/2
   375 | D:1      | Reached XP level 2. HP: 25/25 MP: 3/3
   600 | D:1      | Reached skill level 3 in Long Blades
   937 | D:1      | Reached XP level 3. HP: 30/30 MP: 5/5
  1143 | D:2      | Found a deep blue altar of Sif Muna.
  1545 | D:2      | Reached skill level 4 in Long Blades
  1980 | D:2      | Reached XP level 4. HP: 32/37 MP: 7/7
  2059 | D:2      | Noticed Sigmund
  2418 | D:3      | Found a shattered altar of Ashenzari.
  2849 | D:3      | Found a sparkling altar of Nemelex Xobeh.
  3154 | D:4      | Reached skill level 5 in Long Blades
  3358 | D:4      | Reached XP level 5. HP: 42/42 MP: 8/8
  3834 | D:4      | Reached skill level 6 in Long Blades
  4024 | D:4      | Reached XP level 6. HP: 45/50 MP: 10/10
  4729 | D:4      | Found a burning altar of Makhleb.
  4807 | D:4      | Found a sparkling altar of Nemelex Xobeh.
  5353 | D:4      | Reached skill level 7 in Long Blades
  5642 | D:4      | Found a burning altar of Makhleb.
  5833 | D:4      | Reached XP level 7. HP: 10/56 MP: 12/12
  6172 | D:4      | Found a sparkling altar of Nemelex Xobeh.
  6906 | D:5      | Entered Level 5 of the Dungeon
  6962 | D:5      | Reached skill level 8 in Long Blades
  6979 | D:5      | Found an iron altar of Okawaru.
  7214 | D:5      | Got a jewelled flail
  8190 | D:5      | Reached skill level 9 in Long Blades
  8209 | D:6      | Noticed a troll
  8877 | D:6      | Found a sacrificial altar of Ru.
  8897 | D:6      | Reached XP level 8. HP: 19/62 MP: 13/13
  8901 | D:6      | Killed from afar by an orc priest

Action                   |  1- 3 |  4- 6 |  7- 9 || total
-------------------------+-------+-------+-------++-------
Melee: Long sword        |   176 |   353 |   216 ||   745
 Fire: Hunting sling     |    20 |     2 |       ||    22
       Blowgun           |       |     3 |    12 ||    15
Throw: Stone             |     5 |     4 |     8 ||    17
  Use: Scroll            |     1 |     4 |     2 ||     7
       Potion            |       |     2 |     1 ||     3
 Stab: Sleeping          |       |     1 |     2 ||     3
  Eat: Chunk             |     4 |    12 |    10 ||    26
